Workbook
Name _ftn1: 'Objective 1. Section III'!#REF!
Name _ftn10: 'Objective 1. Section III'!$B$134
Name _ftn11: 'Objective 1. Section III'!$B$135
Name _ftn12: 'Objective 1. Section III'!$B$136
Name _ftn13: 'Objective 1. Section III'!$B$137
Name _ftn14: 'Objective 1. Section III'!$B$138
Name _ftn2: 'Objective 1. Section III'!$B$126
Name _ftn3: 'Objective 1. Section III'!$B$127
Name _ftn4: 'Objective 1. Section III'!$B$128
Name _ftn5: 'Objective 1. Section III'!$B$129
Name _ftn6: 'Objective 1. Section III'!$B$130
Name _ftn7: 'Objective 1. Section III'!$B$131
Name _ftn8: 'Objective 1. Section III'!$B$132
Name _ftn9: 'Objective 1. Section III'!$B$133
Name _ftnref1: 'Objective 1. Section III'!#REF!
Name _ftnref10: 'Objective 1. Section III'!$B$102
Name _ftnref11: 'Objective 1. Section III'!$B$103
Name _ftnref14: 'Objective 1. Section III'!$B$123
Name _ftnref2: 'Objective 1. Section III'!#REF!
Name _ftnref3: 'Objective 1. Section III'!$D$28
Name _ftnref4: 'Objective 1. Section III'!#REF!
Name _ftnref5: 'Objective 1. Section III'!$B$30
Name _ftnref6: 'Objective 1. Section III'!$B$51
Name _ftnref7: 'Objective 1. Section III'!$E$51
Name _ftnref8: 'Objective 1. Section III'!$B$70
Name _ftnref9: 'Objective 1. Section III'!$B$78
Name CCM2_EnergyEfficiency: 'drop down entries'!$B$16:$B$21
Name CCM3_RenewableEnergy: 'drop down entries'!$C$10:$C$21
Name CCM4_TransportUrban: 'drop down entries'!$D$10:$D$21
Name CCM5_LULUCF: 'drop down entries'!$A$10:$A$16
Name Energy_Efficiency: 'drop down entries'!$B$49:$B$57
Name kk: #REF!
Name level: [1]te_Proj_inputs!$B$31:$B$37
Name LULUCF: 'drop down entries'!$E$49:$E$54
Name o1a: [1]te_Proj_inputs!$B$50:$B$55
Name Other: 'drop down entries'!$F$49:$F$56
Name Renewable_Energy: 'drop down entries'!$C$49:$C$59
Name tObjectives: #REF!
Name Transport_Urban: 'drop down entries'!$D$49:$D$59
Name TT_Choices: 'drop down entries'!$A$49:$A$53
Name yn: [1]te_Proj_inputs!$C$3:$C$5

Sheet Explanations
A4: This Tracking Tool shall track the targets and their achievements from concept (PIF) to evaluation.
A5: It is consistent with the results framework for Climate Change Mitigation.
A7: The data that we collect through this Tracking Tool are intended to be fed automatically into the PMIS.
A8: The data will help us track and monitor the results of projects and allow us to quickly filter our portfolio and report to donors, council and conventions in the most accurate way on GHG emission reductions, investments and other facts.
A10: Please fill in the relevant indicators for each component that is included in the project.

Sheet drop down entries
A1: Protected Sheet
E2: digit_input
E3: 0
E4: 1
A8: if -- then ... Drop down
A9: LULUCF | B9: Energy Efficiency | C9: Renewable Energy
A10: Afforestation | C10: Biomass
A11: Agriculture/Agroforestry | C11: Cogeneration
A12: Avoided Deforestation/Degradation | C12: Geothermal
A13: Carbon Monitoring | C13: Hydro
A14: Mixed | C14: Marine Tech
A15: Reforestation | C15: Mixed
B16: Appliances | C16: Photovoltaic
B17: Cook Stoves | C17: Solar Thermal Cooling
B18: Equipment | C18: Solar Thermal Heating
B19: Existing Building | C19: Solar Thermal Power
B20: Industrial Processes | C20: Wind
B21: Lighting | C21: Other
B22: New Building
B23: Synergies with ODS
B24: Other
A48: TT_Choices | B48: Energy_Efficiency | C48: Renewable_Energy | D48: Transport_Urban | E48: LULUCF | F48: Other
A49: Energy_Efficiency | B49: Appliances | C49: Biomass | D49: Electric vehicles and plug-ins | E49: Afforestation | F49: Carbon capture and storage
A50: Renewable_Energy | B50: Cook stoves | C50: Geothermal | D50: Fuel cell vehicles | E50: Agriculture/agroforestry | F50: Waste management
A51: Transport_Urban | B51: Equipment | C51: Hydrogen | D51: Other lower GHG vehicles | E51: Avoided deforestation/degradation | F51: Energy storage
A52: LULUCF | B52: Existing buildings | C52: Hydro | D52: Transport biofuels | E52: Carbon monitoring | F52: Fuel cells
A53: Other | B53: Industrial processes | C53: Marine (i.e., wave, thermal energy conversion, etc.) | D53: Intelligent transport systems (ITS) | E53: Reforestation | F53: Management system
B54: Lighting | C54: Wind | D54: Rail | E54: Mixed | F54: Monitoring system
B55: New buildings | C55: Photovoltaic | D55: Public rapid transit | F55: Mixed
B56: Power generation, transmission, distribution | C56: Solar thermal power (i.e., Concentrated Solar Power, etc.) | D56: Travel demand management | F56: Other
B57: Mixed | C57: Solar thermal cooling, heating | D57: Logistics
C58: Cogeneration | D58: Transport/Urban Planning
C59: Mixed | D59: Mixed

Sheet Objective 1. Section I
B1: Tracking Tool for Biodiversity Projects in GEF-3, GEF-4, and GEF-5
B4: Objective 1: Catalyzing Sustainability of Protected Area Systems
B5: SECTION I
B7: Objective: To measure progress in achieving the impacts and outcomes established at the portfolio level under the biodiversity focal area. Rationale: Project data from the GEF-3, GEF-4, and GEF-5 project cohort will be aggregated for analysis of directional trends and patterns at a portfolio-wide level to inform the development of future GEF strategies and to report to GEF Council on portfolio-level performance in the biodiversity focal area. Structure of Tracking Tool: Each tracking tool requests background and coverage information on the project and specific information required to track portfolio level indicators in the GEF-3, GEF-4, and GEF-5 strategy. Guidance in Applying GEF Tracking Tools: GEF tracking tools are applied three times: at CEO endorsement, at project mid-term, and at project completion. Submission: The finalized tracking tool will be cleared by the GEF Agencies as being correctly completed.
B8: Important: Please read the Guidelines posted on the GEF website before entering your data
B10: I. General Data | C10: Please indicate your answer here | D10: Notes
B11: Project Title | C11: CBPF-MSL：Strengthening the management effectiveness of the protected area landscape in Altai Mountains and Wetlands
B12: GEF Project ID | C12: 4653
B13: Agency Project ID | C13: 4596
B14: Implementing Agency | C14: UNDP
B15: Project Type | C15: FSP | D15: FSP or MSP
B16: Country | C16: People's Republic of China
B17: Region | C17: EAP
B18: Date of submission of the tracking tool | D18: Month DD, YYYY (e.g., May 12, 2010)
B19: Name of reviewers completing tracking tool and completion date | C19: Nov. 18, 2012 | D19: Completion Date
B20: Planned project duration | C20: 5 | D20: years
B21: Actual project duration | C21: n/a | D21: years
B22: Lead Project Executing Agency (ies) | C22: Xinjiang Forestry Department, Liangheyuan Provincial Nature Reserve Management Bureau, Altai Mountains Forestry Bureau
B24: Date of Council/CEO Approval | D24: Month DD, YYYY (e.g., May 12, 2010)
B25: GEF Grant (US$) | C25: 3544679
B26: Cofinancing expected (US$) | C26: 22000000
B28: II. Total Extent in hectares of protected areas targeted by the project by biome type | C28: Please indicate your answer here
B29: Please note that: Given nature reserve sub-system overwhelmingly dominates the PA system in Xinjiang Uyghur Autonomous Region (XUAR) as indicated in the project document and there are no spatial data available for other PAs beyond nature reserves, the coverage of nature reserve hereinto is calculated below as the substitute of the PA coverage in XUAR. | E29: The total area targeted by the project (i.e. the area of the 5 PAs for which METTs are being done/submitted) is only 1,035,649 ha; that is the area that should be reported in this section. Otherwise, if 22+ million ha are actually being targeted, then why are METTs given for only 1/20th of that area?
B30: Please use the following biomes provided below and place the coverage data within these biomes
B31: Terrestrial (insert total hectares for terrestrial coverage and then provide coverage for each of the terrestrial biomes below)
B32: Total hectares | C32: =SUM(C33:C47) -> 20935499 | D32: ha | E32: =SUM(C72,C80,C88,C96,C104) -> 1035648.7
B33: Tropical and subtropical moist broadleaf forests (tropical and subtropical, humid) | D33: ha
B34: Tropical and subtropical dry broadleaf forests (tropical and subtropical, semi-humid) | D34: ha
B35: Tropical and subtropical coniferous forests (tropical and subtropical, semi-humid) | D35: ha
B36: Temperate broadleaf and mixed forests (temperate, humid) | C36: 395420 | D36: ha
B37: Temperate coniferous forests (temperate, humid to semi-humid) | C37: 65300 | D37: ha
B38: Boreal forests/taiga (subarctic, humid) | D38: ha
B39: Tropical and subtropical grasslands, savannas, and shrublands (tropical and subtropical, semi-arid) | D39: ha
B40: Temperate grasslands, savannas, and shrublands (temperate, semi-arid) | C40: 149957 | D40: ha
B41: Flooded grasslands and savannas (temperate to tropical, fresh or brackish water inundated) | D41: ha
B42: Mangroves | D42: ha
B43: Montane grasslands and shrublands (alpine or montane climate) | C43: 10551435 | D43: ha
B44: Tundra (Arctic) | D44: ha
B45: Mediterranean forests, woodlands, and scrub or Sclerophyll forests (temperate warm, semi-humid to semi-arid with winter rainfall) | D45: ha
B46: Deserts and xeric shrublands (temperate to tropical, arid) | C46: 9773387 | D46: ha
B47: Mangrove (subtropical and tropical, salt water inundated) | D47: ha
B48: Freshwater (insert total hectares for freshwater coverage and then provide coverage for each of the freshwater biomes below)
B49: Total hectares | C49: =SUM(C50:C61) -> 2016835 | D49: ha
B50: Large lakes | D50: ha
B51: Large river deltas | D51: ha
B52: Polar freshwaters | D52: ha
B53: Montane freshwaters | D53: ha
B54: Temperate coastal rivers | D54: ha
B55: Temperate floodplain rivers and wetlands | D55: ha
B56: Temperate upland rivers | C56: 1035645 | D56: ha
B57: Tropical and subtropical coastal rivers | D57: ha
B58: Tropical and subtropical floodplain rivers and wetlands | D58: ha
B59: Tropical and subtropical upland rivers | D59: ha
B60: Xeric freshwaters and endorheic basins | C60: 981190 | D60: ha
B61: Oceanic islands | D61: ha
B62: Marine (insert total hectares for marine and then distinguish coverage between each of the following zones)
B63: Total hectares | C63: n/a | D63: ha
B64: Coral reefs | D64: ha
B65: Estuaries | D65: ha
B66: Ocean (beyond EEZ) | D66: ha
B68: III. Please complete the table below for the protected areas that are the target of the GEF intervention and add new sections for each protected area if the project extends beyond four Pas. Use NA for not applicable. | C68: Please indicate your answer here
B69: 1. Protected Area
B70: Name of Protected Area | C70: Xinjiang-Liangheyuan (indicated as A'ertaishanliangheyuantou Nature Reserve in WDPA)
B71: Is this a new protected area? | C71: 0 | D71: Yes = 1, No = 0
B72: Area in Hectares | C72: ='Objective 1. Section II-1'!C22 -> 680776 | D72: ha, Please specify biome type
B73: Global designation or priority lists | C73: WWF Global 200, IBA-Altay Forest and Steppe | D73: (E.g., Biosphere Reserve, World Heritage site, Ramsar site, WWF Global 200, etc.)
B74: Local Designation of Protected Area | C74: n/a | D74: (E.g, indigenous reserve, private reserve, etc.)
B75: IUCN Category | C75: 5 | D75: 1: Strict Nature Reserve/Wilderness Area: managed mainly for science or wilderness protection 2: National Park: managed mainly for ecosystem protection and recreation 3: Natural Monument: managed mainly for conservation of specific natural features 4: Habitat/Species Management Area: managed mainly for conservation through management intervention 5: Protected Landscape/Seascape: managed mainly for landscape/seascape protection and recreation 6: Managed Resource Protected Area: managed mainly for the sustainable use of natural ecosystems
C76: Note: Although legal management objectives should make most of the nature reserves in China category I, actual de facto management would leave them as mostly V or VI, in particular buffer zone and experiment zone(s).
B77: 2. Protected Area
B78: Name of Protected Area | C78: Xinjiang-Kekesu (Indicated as A'letaikoukesushidi in WDPA)
B79: Is this a new protected area? | C79: 0 | D79: Yes = 1, No = 0
B80: Area in Hectares | C80: ='Objective 1. Section II-2'!C22 -> 30667 | D80: Please specify biome type
B81: Global designation or priority lists | C81: WWF Global 200, Altay Forest and Steppe | D81: (E.g., Biosphere Reserve, World Heritage site, Ramsar site, WWF Global 2000, etc.)
B82: Local Designation of Protected Area | C82: n/a | D82: (E.g, indigenous reserve, private reserve, etc.)
B83: IUCN Category | C83: 5 | D83: 1: Strict Nature Reserve/Wilderness Area: managed mainly for science or wilderness protection 2: National Park: managed mainly for ecosystem protection and recreation 3: Natural Monument: managed mainly for conservation of specific natural features 4: Habitat/Species Management Area: managed mainly for conservation through management intervention 5: Protected Landscape/Seascape: managed mainly for landscape/seascape protection and recreation 6: Managed Resource Protected Area: managed mainly for the sustainable use of natural ecosystems
B85: 3. Protected Area
B86: Name of Protected Area | C86: Xinjiang-Buergenheli
B87: Is this a new protected area? | C87: 0 | D87: Yes = 1, No = 0
B88: Area in Hectares | C88: ='Objective 1. Section II-3'!C22 -> 5000 | D88: Please specify biome type
B89: Global designation or priority lists | C89: WWF Global 200, IBA-Burgen River Valley | D89: (E.g., Biosphere Reserve, World Heritage site, Ramsar site, WWF Global 2000, etc.)
B90: Local Designation of Protected Area | C90: n/a | D90: (E.g, indigenous reserve, private reserve, etc.)
B91: IUCN Category | C91: 5 | D91: 1: Strict Nature Reserve/Wilderness Area: managed mainly for science or wilderness protection 2: National Park: managed mainly for ecosystem protection and recreation 3: Natural Monument: managed mainly for conservation of specific natural features 4: Habitat/Species Management Area: managed mainly for conservation through management intervention 5: Protected Landscape/Seascape: managed mainly for landscape/seascape protection and recreation 6: Managed Resource Protected Area: managed mainly for the sustainable use of natural ecosystems
B93: 4. Protected Area
B94: Name of Protected Area | C94: Xinjiang-Hanasi
B95: Is this a new protected area? | C95: 0 | D95: Yes = 1, No = 0
B96: Area in Hectares | C96: ='Objective 1. Section II-4'!C22 -> 220162 | D96: Please specify biome type
B97: Global designation or priority lists | C97: WWF Global 200, Burqin River and Kanas Lake | D97: (E.g., Biosphere Reserve, World Heritage site, Ramsar site, WWF Global 2000, etc.)
B98: Local Designation of Protected Area | C98: n/a | D98: (E.g, indigenous reserve, private reserve, etc.)
B99: IUCN Category | C99: 5 | D99: 1: Strict Nature Reserve/Wilderness Area: managed mainly for science or wilderness protection 2: National Park: managed mainly for ecosystem protection and recreation 3: Natural Monument: managed mainly for conservation of specific natural features 4: Habitat/Species Management Area: managed mainly for conservation through management intervention 5: Protected Landscape/Seascape: managed mainly for landscape/seascape protection and recreation 6: Managed Resource Protected Area: managed mainly for the sustainable use of natural ecosystems
B101: 5. Protected Area
B102: Name of Protected Area | C102: Xinjiang-Erqisihekeketuohai
B103: Is this a new protected area? | C103: 0 | D103: Yes = 1, No = 0
B104: Area in Hectares | C104: ='Objective 1. Section II-5'!C22 -> 99043.7 | D104: Please specify biome type
B105: Global designation or priority lists | C105: WWF Global 200 | D105: (E.g., Biosphere Reserve, World Heritage site, Ramsar site, WWF Global 2000, etc.)
B106: Local Designation of Protected Area | C106: n/a | D106: (E.g, indigenous reserve, private reserve, etc.)
B107: IUCN Category | C107: 5 | D107: 1: Strict Nature Reserve/Wilderness Area: managed mainly for science or wilderness protection 2: National Park: managed mainly for ecosystem protection and recreation 3: Natural Monument: managed mainly for conservation of specific natural features 4: Habitat/Species Management Area: managed mainly for conservation through management intervention 5: Protected Landscape/Seascape: managed mainly for landscape/seascape protection and recreation 6: Managed Resource Protected Area: managed mainly for the sustainable use of natural ecosystems

Sheet Objective 1. Section II-1
B1: Tracking Tool for Biodiversity Projects in GEF-3, GEF-4, and GEF-5
B4: Objective 1: Catalyzing Sustainability of Protected Area Systems
B5: SECTION II: Management Effectiveness Tracking Tool for Protected Areas
B7: Note: Please complete the management effectiveness tracking tool for EACH protected area that is the target of the GEF intervention and create a new worksheet for each. Structure and content of the Tracking Tool - Objective 1. Section II: The Tracking Tool has two main sections: datasheets and assessment form. Both sections should be completed. 1. Datasheets: the data sheet comprises of two separate sections:  Data sheet 1: records details of the assessment and some basic information about the site, such as name, size and location etc.  Data sheet 2: provides a generic list of threats which protected areas can face. On this data sheet the assessors are asked to identify threats and rank their impact on the protected area. 2. Assessment Form: the assessment is structured around 30 questions presented in table format which includes three columns for recording details of the assessment, all of which should be completed.
B8: Important: Please read the Guidelines posted on the GEF website before entering your data
B10: Data Sheet 1: Reporting Progress at Protected Area Sites | C10: Please indicate your answer here | D10: Notes
B12: Name, affiliation and contact details for person responsible for completing the METT (email etc.) | C12: Yelebulati, Liangheyuan Nature Reserve Management Authority, alt55@126.com
B13: Date assessment carried out | C13: Jun. 28, 2012 | D13: Month DD, YYYY (e.g., May 12, 2010)
B14: Name of protected area | C14: Xinjiang-Liangheyuan
B15: WDPA site code (these codes can be found on www.unep-wcmc.org/wdpa/) | C15: 315933
B16: Designations(please choose 1-3) | C16: 3 | D16: 1: National 2: IUCN Category 3: International (please complete lines 35-69 as necessary )
B17: Country | C17: People's Republic of China
B18: Location of protected area (province and if possible map reference) | C18: Xinjiang Uygur Autonomous Region
B19: Date of establishment | C19: 2001
B20: Ownership details (please choose 1-4) | C20: 1 | D20: 1: State 2: Private 3: Community 4: Other
B21: Management Authority | C21: Xinjiang Altai Liangheyuan Nature Reserve Management Bureau
B22: Size of protected area (ha) | C22: 680776
B23: Number of Permanent staff | C23: 50
B24: Number of Temporary staff | C24: 5
B25: Annual budget (US$) for recurrent (operational) funds – excluding staff salary costs | C25: 62794
B26: Annual budget (US$) for project or other supplementary funds – excluding staff salary costs | C26: 5218210
B27: What are the main values for which the area is designated | C27: To conserve wetland ecosystem, Altai mountain forest and forest steppe, alpine meadow, and associated wildlife.
B28: List the two primary protected area management objectives in below:
B29: Management objective 1 | C29: To protect Altai mountain forest ecosystems
B30: Management objective 2 | C30: To conserve wetland ecosystems
B31: No. of people involved in completing assessment | C31: 4
B32: Including: (please choose 1-8) | C32: 2 | D32: 1: PA manager 2: PA staff 3: Other PA agency staff 4: Donors 5: NGOs 6: External experts 7: Local community 8: Other
B34: Information on International Designations | C34: Please indicate your answer here
B36: UNESCO World Heritage site (see: http://whc.unesco.org/en/list) | C36: n/a
B37: Date Listed
B38: Site name
B39: Site area
B40: Geographical co-ordinates
B42: Criteria for designation | D42: (i.e. criteria i to x)
B43: Statement of Outstanding Universal Value
B45: Ramsar site (see: http://ramsar.wetlands.org) | C45: n/a
B46: Date Listed
B47: Site name
B48: Site area
B49: Geographical number
B50: Reason for Designation (see Ramsar Information Sheet)
B52: UNESCO Man and Biosphere Reserves (see: http://www.unesco.org/new/en/natural-sciences/environment/ecological-sciences/man-and-biosphere-programme/ | C52: n/a
B53: Date Listed
B54: Site name
B55: Site area | D55: Total, Core, Buffe, and Transition
B56: Geographical co-ordinates
B57: Criteria for designation
B58: Fulfilment of three functions of MAB | D58: conservation, development and logistic support
B60: Please list other designations (i.e. ASEAN Heritage, Natura 2000) and any supporting information below
C61: WWF Global 200 | D61: Name
C62: Altai-Sayan Montane Forests | D62: Detail
C64: IBA | D64: Name
C65: Altay Forest and Steppe | D65: Detail
D67: Name
D68: Detail
B70: Data Sheet 2: Protected Areas Threats (please complete a Data Sheet of threats and assessment for each protected area of the project).
B71: Please choose all relevant existing threats as either of high, medium or low significance. Threats ranked as of high significance are those which are seriously degrading values; medium are those threats having some negative impact and those characterised as low are threats which are present but not seriously impacting values or N/A where the threat is not present or not applicable in the protected area.
B72: 1. Residential and commercial development within a protected area
B73: Threats from human settlements or other non-agricultural land uses with a substantial footprint
B74: 1.1 Housing and settlement | C74: 1 | D74: 0: N/A 1: Low 2: Medium 3: High
B75: 1.2 Commercial and industrial areas | C75: 0 | D75: 0: N/A 1: Low 2: Medium 3: High
B76: 1.3 Tourism and recreation infrastructure | C76: 1 | D76: 0: N/A 1: Low 2: Medium 3: High
B77: 2. Agriculture and aquaculture within a protected area
B78: Threats from farming and grazing as a result of agricultural expansion and intensification, including silviculture, mariculture and aquaculture
B79: 2.1 Annual and perennial non-timber crop cultivation | C79: 0 | D79: 0: N/A 1: Low 2: Medium 3: High
B80: 2.1a Drug cultivation | C80: 0 | D80: 0: N/A 1: Low 2: Medium 3: High
B81: 2.2 Wood and pulp plantations | C81: 0 | D81: 0: N/A 1: Low 2: Medium 3: High
B82: 2.3 Livestock farming and grazing | C82: 3 | D82: 0: N/A 1: Low 2: Medium 3: High
B83: 2.4 Marine and freshwater aquaculture | C83: 0 | D83: 0: N/A 1: Low 2: Medium 3: High
B84: 3. Energy production and mining within a protected area
B85: Threats from production of non-biological resources
B86: 3.1 Oil and gas drilling | C86: 0 | D86: 0: N/A 1: Low 2: Medium 3: High
B87: 3.2 Mining and quarrying | C87: 3 | D87: 0: N/A 1: Low 2: Medium 3: High
B88: 3.3 Energy generation, including from hydropower dams | C88: 0 | D88: 0: N/A 1: Low 2: Medium 3: High
B89: 4. Transportation and service corridors within a protected area
B90: Threats from long narrow transport corridors and the vehicles that use them including associated wildlife mortality
B91: 4.1 Roads and railroads (include road-killed animals) | C91: 0 | D91: 0: N/A 1: Low 2: Medium 3: High
B92: 4.2 Utility and service lines (e.g. electricity cables, telephone lines,) | C92: 0 | D92: 0: N/A 1: Low 2: Medium 3: High
B93: 4.3 Shipping lanes and canals | C93: 0 | D93: 0: N/A 1: Low 2: Medium 3: High
B94: 4.4 Flight paths | C94: 0 | D94: 0: N/A 1: Low 2: Medium 3: High
B95: 5. Biological resource use and harm within a protected area
B96: Threats from consumptive use of "wild" biological resources including both deliberate and unintentional harvesting effects; also persecution or control of specific species (note this includes hunting and killing of animals)
B97: 5.1 Hunting, killing and collecting terrestrial animals (including killing of animals as a result of human/wildlife conflict) | C97: 0 | D97: 0: N/A 1: Low 2: Medium 3: High
B98: 5.2 Gathering terrestrial plants or plant products (non-timber) | C98: 3 | D98: 0: N/A 1: Low 2: Medium 3: High
B99: 5.3 Logging and wood harvesting | C99: 0 | D99: 0: N/A 1: Low 2: Medium 3: High
B100: 5.4 Fishing, killing and harvesting aquatic resources | C100: 1 | D100: 0: N/A 1: Low 2: Medium 3: High
B101: 6. Human intrusions and disturbance within a protected area
B102: Threats from human activities that alter, destroy or disturb habitats and species associated with non-consumptive uses of biological resources
B103: 6.1 Recreational activities and tourism | C103: 1 | D103: 0: N/A 1: Low 2: Medium 3: High
B104: 6.2 War, civil unrest and military exercises | C104: 0 | D104: 0: N/A 1: Low 2: Medium 3: High
B105: 6.3 Research, education and other work-related activities in protected areas | C105: 0 | D105: 0: N/A 1: Low 2: Medium 3: High
B106: 6.4 Activities of protected area managers (e.g. construction or vehicle use, artificial watering points and dams) | C106: 0 | D106: 0: N/A 1: Low 2: Medium 3: High
B107: 6.5 Deliberate vandalism, destructive activities or threats to protected area staff and visitors | C107: 0 | D107: 0: N/A 1: Low 2: Medium 3: High
B108: 7. Natural system modifications
B109: Threats from other actions that convert or degrade habitat or change the way the ecosystem functions
B110: 7.1 Fire and fire suppression (including arson) | C110: 3 | D110: 0: N/A 1: Low 2: Medium 3: High
B111: 7.2 Dams, hydrological modification and water management/use | C111: 0 | D111: 0: N/A 1: Low 2: Medium 3: High
B112: 7.3a Increased fragmentation within protected area | C112: 3 | D112: 0: N/A 1: Low 2: Medium 3: High
B113: 7.3b Isolation from other natural habitat (e.g. deforestation, dams without effective aquatic wildlife passages) | C113: 0 | D113: 0: N/A 1: Low 2: Medium 3: High
B114: 7.3c Other ‘edge effects’ on park values | C114: 2 | D114: 0: N/A 1: Low 2: Medium 3: High
...

Sheet Objective 1. Section II-2
B1: Tracking Tool for Biodiversity Projects in GEF-3, GEF-4, and GEF-5
B4: Objective 1: Catalyzing Sustainability of Protected Area Systems
B5: SECTION II: Management Effectiveness Tracking Tool for Protected Areas
B7: Note: Please complete the management effectiveness tracking tool for EACH protected area that is the target of the GEF intervention and create a new worksheet for each. Structure and content of the Tracking Tool - Objective 1. Section II: The Tracking Tool has two main sections: datasheets and assessment form. Both sections should be completed. 1. Datasheets: the data sheet comprises of two separate sections:  Data sheet 1: records details of the assessment and some basic information about the site, such as name, size and location etc.  Data sheet 2: provides a generic list of threats which protected areas can face. On this data sheet the assessors are asked to identify threats and rank their impact on the protected area. 2. Assessment Form: the assessment is structured around 30 questions presented in table format which includes three columns for recording details of the assessment, all of which should be completed.
B8: Important: Please read the Guidelines posted on the GEF website before entering your data
B10: Data Sheet 1: Reporting Progress at Protected Area Sites | C10: Please indicate your answer here | D10: Notes
B12: Name, affiliation and contact details for person responsible for completing the METT (email etc.) | C12: Tang Xingbing, Altai Kekesu Wetland Nature Reserve Management Station, 0906-6281016, 91345970@qq.com
B13: Date assessment carried out | C13: Jun. 26, 2012 | D13: Month DD, YYYY (e.g., May 12, 2010)
B14: Name of protected area | C14: Xinjiang-Kekesu
B15: WDPA site code (these codes can be found on www.unep-wcmc.org/wdpa/) | C15: 315935
B16: Designations(please choose 1-3) | C16: 3 | D16: 1: National 2: IUCN Category 3: International (please complete lines 35-69 as necessary )
B17: Country | C17: People's Republic of China
B18: Location of protected area (province and if possible map reference) | C18: Xinjiang Uygur Autonomous Region
B19: Date of establishment | C19: September, 2001
B20: Ownership details (please choose 1-4) | C20: 1 | D20: 1: State 2: Private 3: Community 4: Other
B21: Management Authority | C21: Altai Kekesu Wetland Nature Reserve Management Station
B22: Size of protected area (ha) | C22: 30667
B23: Number of Permanent staff | C23: 12
B24: Number of Temporary staff | C24: 5
B25: Annual budget (US$) for recurrent (operational) funds – excluding staff salary costs | C25: 5000 | D25: Exchange rate: 1USD=6.37RMB
B26: Annual budget (US$) for project or other supplementary funds – excluding staff salary costs | C26: 158700 (Year 2007); 317500 (Year 2008); 733000 (Year 2009)
B27: What are the main values for which the area is designated | C27: Marsh wetlands and associated waterbirds
B28: List the two primary protected area management objectives in below:
B29: Management objective 1 | C29: To protect wetland ecosystems
B30: Management objective 2 | C30: To conserve wildlife, in particular waterbirds
B31: No. of people involved in completing assessment | C31: 3
B32: Including: (please choose 1-8) | C32: 2 | D32: 1: PA manager 2: PA staff 3: Other PA agency staff 4: Donors 5: NGOs 6: External experts 7: Local community 8: Other
B34: Information on International Designations | C34: Please indicate your answer here
B36: UNESCO World Heritage site (see: http://whc.unesco.org/en/list) | C36: n/a
B37: Date Listed
B38: Site name
B39: Site area
B40: Geographical co-ordinates
B42: Criteria for designation | D42: (i.e. criteria i to x)
B43: Statement of Outstanding Universal Value
B45: Ramsar site (see: http://ramsar.wetlands.org) | C45: n/a
B46: Date Listed
B47: Site name
B48: Site area
B49: Geographical number
B50: Reason for Designation (see Ramsar Information Sheet)
B52: UNESCO Man and Biosphere Reserves (see: http://www.unesco.org/new/en/natural-sciences/environment/ecological-sciences/man-and-biosphere-programme/ | C52: n/a
B53: Date Listed
B54: Site name
B55: Site area | D55: Total, Core, Buffe, and Transition
B56: Geographical co-ordinates
B57: Criteria for designation
B58: Fulfilment of three functions of MAB | D58: conservation, development and logistic support
B60: Please list other designations (i.e. ASEAN Heritage, Natura 2000) and any supporting information below
C61: WWF Global 200 | D61: Name
C62: Altai-Sayan Montane Forests | D62: Detail
C64: IBA | D64: Name
C65: Altay Forest and Steppe | D65: Detail
D67: Name
D68: Detail
B70: Data Sheet 2: Protected Areas Threats (please complete a Data Sheet of threats and assessment for each protected area of the project).
B71: Please choose all relevant existing threats as either of high, medium or low significance. Threats ranked as of high significance are those which are seriously degrading values; medium are those threats having some negative impact and those characterised as low are threats which are present but not seriously impacting values or N/A where the threat is not present or not applicable in the protected area.
B72: 1. Residential and commercial development within a protected area
B73: Threats from human settlements or other non-agricultural land uses with a substantial footprint
B74: 1.1 Housing and settlement | C74: 0 | D74: 0: N/A 1: Low 2: Medium 3: High
B75: 1.2 Commercial and industrial areas | C75: 0 | D75: 0: N/A 1: Low 2: Medium 3: High
B76: 1.3 Tourism and recreation infrastructure | C76: 0 | D76: 0: N/A 1: Low 2: Medium 3: High
B77: 2. Agriculture and aquaculture within a protected area
B78: Threats from farming and grazing as a result of agricultural expansion and intensification, including silviculture, mariculture and aquaculture
B79: 2.1 Annual and perennial non-timber crop cultivation | C79: 0 | D79: 0: N/A 1: Low 2: Medium 3: High
B80: 2.1a Drug cultivation | C80: 0 | D80: 0: N/A 1: Low 2: Medium 3: High
B81: 2.2 Wood and pulp plantations | C81: 0 | D81: 0: N/A 1: Low 2: Medium 3: High
B82: 2.3 Livestock farming and grazing | C82: 1 | D82: 0: N/A 1: Low 2: Medium 3: High
B83: 2.4 Marine and freshwater aquaculture | C83: 0 | D83: 0: N/A 1: Low 2: Medium 3: High
B84: 3. Energy production and mining within a protected area
B85: Threats from production of non-biological resources
B86: 3.1 Oil and gas drilling | C86: 0 | D86: 0: N/A 1: Low 2: Medium 3: High
B87: 3.2 Mining and quarrying | C87: 0 | D87: 0: N/A 1: Low 2: Medium 3: High
B88: 3.3 Energy generation, including from hydropower dams | C88: 0 | D88: 0: N/A 1: Low 2: Medium 3: High
B89: 4. Transportation and service corridors within a protected area
B90: Threats from long narrow transport corridors and the vehicles that use them including associated wildlife mortality
B91: 4.1 Roads and railroads (include road-killed animals) | C91: 0 | D91: 0: N/A 1: Low 2: Medium 3: High
B92: 4.2 Utility and service lines (e.g. electricity cables, telephone lines,) | C92: 0 | D92: 0: N/A 1: Low 2: Medium 3: High
B93: 4.3 Shipping lanes and canals | C93: 0 | D93: 0: N/A 1: Low 2: Medium 3: High
B94: 4.4 Flight paths | C94: 0 | D94: 0: N/A 1: Low 2: Medium 3: High
B95: 5. Biological resource use and harm within a protected area
B96: Threats from consumptive use of "wild" biological resources including both deliberate and unintentional harvesting effects; also persecution or control of specific species (note this includes hunting and killing of animals)
B97: 5.1 Hunting, killing and collecting terrestrial animals (including killing of animals as a result of human/wildlife conflict) | C97: 1 | D97: 0: N/A 1: Low 2: Medium 3: High
B98: 5.2 Gathering terrestrial plants or plant products (non-timber) | C98: 2 | D98: 0: N/A 1: Low 2: Medium 3: High
B99: 5.3 Logging and wood harvesting | C99: 1 | D99: 0: N/A 1: Low 2: Medium 3: High
B100: 5.4 Fishing, killing and harvesting aquatic resources | C100: 1 | D100: 0: N/A 1: Low 2: Medium 3: High
B101: 6. Human intrusions and disturbance within a protected area
B102: Threats from human activities that alter, destroy or disturb habitats and species associated with non-consumptive uses of biological resources
B103: 6.1 Recreational activities and tourism | C103: 0 | D103: 0: N/A 1: Low 2: Medium 3: High
B104: 6.2 War, civil unrest and military exercises | C104: 0 | D104: 0: N/A 1: Low 2: Medium 3: High
B105: 6.3 Research, education and other work-related activities in protected areas | C105: 1 | D105: 0: N/A 1: Low 2: Medium 3: High
B106: 6.4 Activities of protected area managers (e.g. construction or vehicle use, artificial watering points and dams) | C106: 1 | D106: 0: N/A 1: Low 2: Medium 3: High
B107: 6.5 Deliberate vandalism, destructive activities or threats to protected area staff and visitors | C107: 0 | D107: 0: N/A 1: Low 2: Medium 3: High
B108: 7. Natural system modifications
B109: Threats from other actions that convert or degrade habitat or change the way the ecosystem functions
B110: 7.1 Fire and fire suppression (including arson) | C110: 0 | D110: 0: N/A 1: Low 2: Medium 3: High
B111: 7.2 Dams, hydrological modification and water management/use | C111: 1 | D111: 0: N/A 1: Low 2: Medium 3: High
B112: 7.3a Increased fragmentation within protected area | C112: 0 | D112: 0: N/A 1: Low 2: Medium 3: High
B113: 7.3b Isolation from other natural habitat (e.g. deforestation, dams without effective aquatic wildlife passages) | C113: 0 | D113: 0: N/A 1: Low 2: Medium 3: High
B114: 7.3c Other ‘edge effects’ on park values | C114: 0 | D114: 0: N/A 1: Low 2: Medium 3: High
...

Sheet Objective 1. Section II-3
B1: Tracking Tool for Biodiversity Projects in GEF-3, GEF-4, and GEF-5
B4: Objective 1: Catalyzing Sustainability of Protected Area Systems
B5: SECTION II: Management Effectiveness Tracking Tool for Protected Areas
B7: Note: Please complete the management effectiveness tracking tool for EACH protected area that is the target of the GEF intervention and create a new worksheet for each. Structure and content of the Tracking Tool - Objective 1. Section II: The Tracking Tool has two main sections: datasheets and assessment form. Both sections should be completed. 1. Datasheets: the data sheet comprises of two separate sections:  Data sheet 1: records details of the assessment and some basic information about the site, such as name, size and location etc.  Data sheet 2: provides a generic list of threats which protected areas can face. On this data sheet the assessors are asked to identify threats and rank their impact on the protected area. 2. Assessment Form: the assessment is structured around 30 questions presented in table format which includes three columns for recording details of the assessment, all of which should be completed.
B8: Important: Please read the Guidelines posted on the GEF website before entering your data
B10: Data Sheet 1: Reporting Progress at Protected Area Sites | C10: Please indicate your answer here | D10: Notes
B12: Name, affiliation and contact details for person responsible for completing the METT (email etc.) | C12: Lu Shan, Xinjiang Buergenheli Nature Reserve Protection Station, altlyjls@126.com
B13: Date assessment carried out | C13: Jun. 28, 2012 | D13: Month DD, YYYY (e.g., May 12, 2010)
B14: Name of protected area | C14: Xinjiang-Buergenheli
B15: WDPA site code (these codes can be found on www.unep-wcmc.org/wdpa/) | C15: 96125
B16: Designations(please choose 1-3) | C16: 3 | D16: 1: National 2: IUCN Category 3: International (please complete lines 35-69 as necessary )
B17: Country | C17: People's Republic of China
B18: Location of protected area (province and if possible map reference) | C18: Xinjiang Uygur Autonomous Region
B19: Date of establishment | C19: 1980
B20: Ownership details (please choose 1-4) | C20: 1 | D20: 1: State 2: Private 3: Community 4: Other
B21: Management Authority | C21: Buergenheli Nature Reserve Protection Station
B22: Size of protected area (ha) | C22: 5000
B23: Number of Permanent staff | C23: 10
B24: Number of Temporary staff | C24: 7
B25: Annual budget (US$) for recurrent (operational) funds – excluding staff salary costs | C25: 11298 | D25: Exchange rate: 1USD=6.37RMB
B26: Annual budget (US$) for project or other supplementary funds – excluding staff salary costs | C26: 4708
B27: What are the main values for which the area is designated | C27: to protect the endangered species--Xinjiang-Mongolia beaver (Castor fiber birulai)
B28: List the two primary protected area management objectives in below:
B29: Management objective 1 | C29: To maintain ca. 46 beaver families with a total of 200 population individuals
B30: Management objective 2 | C30: To conserve riparian forests in the reserve to provide good habitats for beavers
B31: No. of people involved in completing assessment | C31: 1
B32: Including: (please choose 1-8) | C32: 2 | D32: 1: PA manager 2: PA staff 3: Other PA agency staff 4: Donors 5: NGOs 6: External experts 7: Local community 8: Other
B34: Information on International Designations | C34: Please indicate your answer here
B36: UNESCO World Heritage site (see: http://whc.unesco.org/en/list) | C36: n/a
B37: Date Listed
B38: Site name
B39: Site area
B40: Geographical co-ordinates
B42: Criteria for designation | D42: (i.e. criteria i to x)
B43: Statement of Outstanding Universal Value
B45: Ramsar site (see: http://ramsar.wetlands.org) | C45: n/a
B46: Date Listed
B47: Site name
B48: Site area
B49: Geographical number
B50: Reason for Designation (see Ramsar Information Sheet)
B52: UNESCO Man and Biosphere Reserves (see: http://www.unesco.org/new/en/natural-sciences/environment/ecological-sciences/man-and-biosphere-programme/ | C52: n/a
B53: Date Listed
B54: Site name
B55: Site area | D55: Total, Core, Buffe, and Transition
B56: Geographical co-ordinates
B57: Criteria for designation
B58: Fulfilment of three functions of MAB | D58: conservation, development and logistic support
B60: Please list other designations (i.e. ASEAN Heritage, Natura 2000) and any supporting information below
C61: WWF Global 200 | D61: Name
C62: Altai-Sayan Montane Forests | D62: Detail
C64: IBA | D64: Name
C65: Burgen River Valley | D65: Detail
D67: Name
D68: Detail
B70: Data Sheet 2: Protected Areas Threats (please complete a Data Sheet of threats and assessment for each protected area of the project).
B71: Please choose all relevant existing threats as either of high, medium or low significance. Threats ranked as of high significance are those which are seriously degrading values; medium are those threats having some negative impact and those characterised as low are threats which are present but not seriously impacting values or N/A where the threat is not present or not applicable in the protected area.
B72: 1. Residential and commercial development within a protected area
B73: Threats from human settlements or other non-agricultural land uses with a substantial footprint
B74: 1.1 Housing and settlement | C74: 2 | D74: 0: N/A 1: Low 2: Medium 3: High
B75: 1.2 Commercial and industrial areas | C75: 1 | D75: 0: N/A 1: Low 2: Medium 3: High
B76: 1.3 Tourism and recreation infrastructure | C76: 1 | D76: 0: N/A 1: Low 2: Medium 3: High
B77: 2. Agriculture and aquaculture within a protected area
B78: Threats from farming and grazing as a result of agricultural expansion and intensification, including silviculture, mariculture and aquaculture
B79: 2.1 Annual and perennial non-timber crop cultivation | C79: 2 | D79: 0: N/A 1: Low 2: Medium 3: High
B80: 2.1a Drug cultivation | C80: 0 | D80: 0: N/A 1: Low 2: Medium 3: High
B81: 2.2 Wood and pulp plantations | C81: 0 | D81: 0: N/A 1: Low 2: Medium 3: High
B82: 2.3 Livestock farming and grazing | C82: 3 | D82: 0: N/A 1: Low 2: Medium 3: High
B83: 2.4 Marine and freshwater aquaculture | C83: 1 | D83: 0: N/A 1: Low 2: Medium 3: High
B84: 3. Energy production and mining within a protected area
B85: Threats from production of non-biological resources
B86: 3.1 Oil and gas drilling | C86: 0 | D86: 0: N/A 1: Low 2: Medium 3: High
B87: 3.2 Mining and quarrying | C87: 3 | D87: 0: N/A 1: Low 2: Medium 3: High
B88: 3.3 Energy generation, including from hydropower dams | C88: 3 | D88: 0: N/A 1: Low 2: Medium 3: High
B89: 4. Transportation and service corridors within a protected area
B90: Threats from long narrow transport corridors and the vehicles that use them including associated wildlife mortality
B91: 4.1 Roads and railroads (include road-killed animals) | C91: 1 | D91: 0: N/A 1: Low 2: Medium 3: High
B92: 4.2 Utility and service lines (e.g. electricity cables, telephone lines,) | C92: 1 | D92: 0: N/A 1: Low 2: Medium 3: High
B93: 4.3 Shipping lanes and canals | C93: 0 | D93: 0: N/A 1: Low 2: Medium 3: High
B94: 4.4 Flight paths | C94: 0 | D94: 0: N/A 1: Low 2: Medium 3: High
B95: 5. Biological resource use and harm within a protected area
B96: Threats from consumptive use of "wild" biological resources including both deliberate and unintentional harvesting effects; also persecution or control of specific species (note this includes hunting and killing of animals)
B97: 5.1 Hunting, killing and collecting terrestrial animals (including killing of animals as a result of human/wildlife conflict) | C97: 1 | D97: 0: N/A 1: Low 2: Medium 3: High
B98: 5.2 Gathering terrestrial plants or plant products (non-timber) | C98: 1 | D98: 0: N/A 1: Low 2: Medium 3: High
B99: 5.3 Logging and wood harvesting | C99: 1 | D99: 0: N/A 1: Low 2: Medium 3: High
B100: 5.4 Fishing, killing and harvesting aquatic resources | C100: 2 | D100: 0: N/A 1: Low 2: Medium 3: High
B101: 6. Human intrusions and disturbance within a protected area
B102: Threats from human activities that alter, destroy or disturb habitats and species associated with non-consumptive uses of biological resources
B103: 6.1 Recreational activities and tourism | C103: 1 | D103: 0: N/A 1: Low 2: Medium 3: High
B104: 6.2 War, civil unrest and military exercises | C104: 0 | D104: 0: N/A 1: Low 2: Medium 3: High
B105: 6.3 Research, education and other work-related activities in protected areas | C105: 1 | D105: 0: N/A 1: Low 2: Medium 3: High
B106: 6.4 Activities of protected area managers (e.g. construction or vehicle use, artificial watering points and dams) | C106: 1 | D106: 0: N/A 1: Low 2: Medium 3: High
B107: 6.5 Deliberate vandalism, destructive activities or threats to protected area staff and visitors | C107: 1 | D107: 0: N/A 1: Low 2: Medium 3: High
B108: 7. Natural system modifications
B109: Threats from other actions that convert or degrade habitat or change the way the ecosystem functions
B110: 7.1 Fire and fire suppression (including arson) | C110: 1 | D110: 0: N/A 1: Low 2: Medium 3: High
B111: 7.2 Dams, hydrological modification and water management/use | C111: 3 | D111: 0: N/A 1: Low 2: Medium 3: High
B112: 7.3a Increased fragmentation within protected area | C112: 2 | D112: 0: N/A 1: Low 2: Medium 3: High
B113: 7.3b Isolation from other natural habitat (e.g. deforestation, dams without effective aquatic wildlife passages) | C113: 2 | D113: 0: N/A 1: Low 2: Medium 3: High
B114: 7.3c Other ‘edge effects’ on park values | C114: 1 | D114: 0: N/A 1: Low 2: Medium 3: High
...

Sheet Objective 1. Section II-4
B1: Tracking Tool for Biodiversity Projects in GEF-3, GEF-4, and GEF-5
B4: Objective 1: Catalyzing Sustainability of Protected Area Systems
B5: SECTION II: Management Effectiveness Tracking Tool for Protected Areas
B7: Note: Please complete the management effectiveness tracking tool for EACH protected area that is the target of the GEF intervention and create a new worksheet for each. Structure and content of the Tracking Tool - Objective 1. Section II: The Tracking Tool has two main sections: datasheets and assessment form. Both sections should be completed. 1. Datasheets: the data sheet comprises of two separate sections:  Data sheet 1: records details of the assessment and some basic information about the site, such as name, size and location etc.  Data sheet 2: provides a generic list of threats which protected areas can face. On this data sheet the assessors are asked to identify threats and rank their impact on the protected area. 2. Assessment Form: the assessment is structured around 30 questions presented in table format which includes three columns for recording details of the assessment, all of which should be completed.
B8: Important: Please read the Guidelines posted on the GEF website before entering your data
B10: Data Sheet 1: Reporting Progress at Protected Area Sites | C10: Please indicate your answer here | D10: Notes
B12: Name, affiliation and contact details for person responsible for completing the METT (email etc.) | C12: Sun Zhijiang, Hanasi National Nature Reserve Management Authority, knslyj@sina.com
B13: Date assessment carried out | C13: Jun. 28, 2012 | D13: Month DD, YYYY (e.g., May 12, 2010)
B14: Name of protected area | C14: Xinjiang-Hanasi
B15: WDPA site code (these codes can be found on www.unep-wcmc.org/wdpa/) | C15: 96123
B16: Designations(please choose 1-3) | C16: 3 | D16: 1: National 2: IUCN Category 3: International (please complete lines 35-69 as necessary )
B17: Country | C17: People's Republic of China
B18: Location of protected area (province and if possible map reference) | C18: Xinjiang Uygur Autonomous Region
B19: Date of establishment | C19: 1980
B20: Ownership details (please choose 1-4) | C20: 1 | D20: 1: State 2: Private 3: Community 4: Other
B21: Management Authority | C21: Hanasi National Nature Reserve Management Authority
B22: Size of protected area (ha) | C22: 220162
B23: Number of Permanent staff | C23: 150
B24: Number of Temporary staff | C24: 150
B25: Annual budget (US$) for recurrent (operational) funds – excluding staff salary costs | C25: 1412872 | D25: Exchange rate: 1USD=6.37RMB
B26: Annual budget (US$) for project or other supplementary funds – excluding staff salary costs | C26: 1412872
B27: What are the main values for which the area is designated | C27: To protect wildlife and pristine forests
B28: List the two primary protected area management objectives in below:
B29: Management objective 1 | C29: To strengthen forest resources management
B30: Management objective 2 | C30: To conserve the safety of wildlife
B31: No. of people involved in completing assessment | C31: 2
B32: Including: (please choose 1-8) | C32: 2 | D32: 1: PA manager 2: PA staff 3: Other PA agency staff 4: Donors 5: NGOs 6: External experts 7: Local community 8: Other
B34: Information on International Designations | C34: Please indicate your answer here
B36: UNESCO World Heritage site (see: http://whc.unesco.org/en/list) | C36: n/a
B37: Date Listed
B38: Site name
B39: Site area
B40: Geographical co-ordinates
B42: Criteria for designation | D42: (i.e. criteria i to x)
B43: Statement of Outstanding Universal Value
B45: Ramsar site (see: http://ramsar.wetlands.org) | C45: n/a
B46: Date Listed
B47: Site name
B48: Site area
B49: Geographical number
B50: Reason for Designation (see Ramsar Information Sheet)
B52: UNESCO Man and Biosphere Reserves (see: http://www.unesco.org/new/en/natural-sciences/environment/ecological-sciences/man-and-biosphere-programme/ | C52: n/a
B53: Date Listed
B54: Site name
B55: Site area | D55: Total, Core, Buffe, and Transition
B56: Geographical co-ordinates
B57: Criteria for designation
B58: Fulfilment of three functions of MAB | D58: conservation, development and logistic support
B60: Please list other designations (i.e. ASEAN Heritage, Natura 2000) and any supporting information below
C61: WWF Global 200 | D61: Name
C62: Altai-Sayan Montane Forests | D62: Detail
C64: IBA | D64: Name
C65: Bruqin River and Kanas Lake | D65: Detail
D67: Name
D68: Detail
B70: Data Sheet 2: Protected Areas Threats (please complete a Data Sheet of threats and assessment for each protected area of the project).
B71: Please choose all relevant existing threats as either of high, medium or low significance. Threats ranked as of high significance are those which are seriously degrading values; medium are those threats having some negative impact and those characterised as low are threats which are present but not seriously impacting values or N/A where the threat is not present or not applicable in the protected area.
B72: 1. Residential and commercial development within a protected area
B73: Threats from human settlements or other non-agricultural land uses with a substantial footprint
B74: 1.1 Housing and settlement | C74: 1 | D74: 0: N/A 1: Low 2: Medium 3: High
B75: 1.2 Commercial and industrial areas | C75: 0 | D75: 0: N/A 1: Low 2: Medium 3: High
B76: 1.3 Tourism and recreation infrastructure | C76: 2 | D76: 0: N/A 1: Low 2: Medium 3: High
B77: 2. Agriculture and aquaculture within a protected area
B78: Threats from farming and grazing as a result of agricultural expansion and intensification, including silviculture, mariculture and aquaculture
B79: 2.1 Annual and perennial non-timber crop cultivation | C79: 0 | D79: 0: N/A 1: Low 2: Medium 3: High
B80: 2.1a Drug cultivation | C80: 0 | D80: 0: N/A 1: Low 2: Medium 3: High
B81: 2.2 Wood and pulp plantations | C81: 0 | D81: 0: N/A 1: Low 2: Medium 3: High
B82: 2.3 Livestock farming and grazing | C82: 1 | D82: 0: N/A 1: Low 2: Medium 3: High
B83: 2.4 Marine and freshwater aquaculture | C83: 0 | D83: 0: N/A 1: Low 2: Medium 3: High
B84: 3. Energy production and mining within a protected area
B85: Threats from production of non-biological resources
B86: 3.1 Oil and gas drilling | C86: 0 | D86: 0: N/A 1: Low 2: Medium 3: High
B87: 3.2 Mining and quarrying | C87: 0 | D87: 0: N/A 1: Low 2: Medium 3: High
B88: 3.3 Energy generation, including from hydropower dams | C88: 0 | D88: 0: N/A 1: Low 2: Medium 3: High
B89: 4. Transportation and service corridors within a protected area
B90: Threats from long narrow transport corridors and the vehicles that use them including associated wildlife mortality
B91: 4.1 Roads and railroads (include road-killed animals) | C91: 1 | D91: 0: N/A 1: Low 2: Medium 3: High
B92: 4.2 Utility and service lines (e.g. electricity cables, telephone lines,) | C92: 1 | D92: 0: N/A 1: Low 2: Medium 3: High
B93: 4.3 Shipping lanes and canals | C93: 1 | D93: 0: N/A 1: Low 2: Medium 3: High
B94: 4.4 Flight paths | C94: 0 | D94: 0: N/A 1: Low 2: Medium 3: High
B95: 5. Biological resource use and harm within a protected area
B96: Threats from consumptive use of "wild" biological resources including both deliberate and unintentional harvesting effects; also persecution or control of specific species (note this includes hunting and killing of animals)
B97: 5.1 Hunting, killing and collecting terrestrial animals (including killing of animals as a result of human/wildlife conflict) | C97: 2 | D97: 0: N/A 1: Low 2: Medium 3: High
B98: 5.2 Gathering terrestrial plants or plant products (non-timber) | C98: 1 | D98: 0: N/A 1: Low 2: Medium 3: High
B99: 5.3 Logging and wood harvesting | C99: 1 | D99: 0: N/A 1: Low 2: Medium 3: High
B100: 5.4 Fishing, killing and harvesting aquatic resources | C100: 1 | D100: 0: N/A 1: Low 2: Medium 3: High
B101: 6. Human intrusions and disturbance within a protected area
B102: Threats from human activities that alter, destroy or disturb habitats and species associated with non-consumptive uses of biological resources
B103: 6.1 Recreational activities and tourism | C103: 2 | D103: 0: N/A 1: Low 2: Medium 3: High
B104: 6.2 War, civil unrest and military exercises | C104: 0 | D104: 0: N/A 1: Low 2: Medium 3: High
B105: 6.3 Research, education and other work-related activities in protected areas | C105: 1 | D105: 0: N/A 1: Low 2: Medium 3: High
B106: 6.4 Activities of protected area managers (e.g. construction or vehicle use, artificial watering points and dams) | C106: 1 | D106: 0: N/A 1: Low 2: Medium 3: High
B107: 6.5 Deliberate vandalism, destructive activities or threats to protected area staff and visitors | C107: 1 | D107: 0: N/A 1: Low 2: Medium 3: High
B108: 7. Natural system modifications
B109: Threats from other actions that convert or degrade habitat or change the way the ecosystem functions
B110: 7.1 Fire and fire suppression (including arson) | C110: 1 | D110: 0: N/A 1: Low 2: Medium 3: High
B111: 7.2 Dams, hydrological modification and water management/use | C111: 0 | D111: 0: N/A 1: Low 2: Medium 3: High
B112: 7.3a Increased fragmentation within protected area | C112: 1 | D112: 0: N/A 1: Low 2: Medium 3: High
B113: 7.3b Isolation from other natural habitat (e.g. deforestation, dams without effective aquatic wildlife passages) | C113: 1 | D113: 0: N/A 1: Low 2: Medium 3: High
B114: 7.3c Other ‘edge effects’ on park values | C114: 1 | D114: 0: N/A 1: Low 2: Medium 3: High
...

Sheet Objective 1. Section II-5
B1: Tracking Tool for Biodiversity Projects in GEF-3, GEF-4, and GEF-5
B4: Objective 1: Catalyzing Sustainability of Protected Area Systems
B5: SECTION II: Management Effectiveness Tracking Tool for Protected Areas
B7: Note: Please complete the management effectiveness tracking tool for EACH protected area that is the target of the GEF intervention and create a new worksheet for each. Structure and content of the Tracking Tool - Objective 1. Section II: The Tracking Tool has two main sections: datasheets and assessment form. Both sections should be completed. 1. Datasheets: the data sheet comprises of two separate sections:  Data sheet 1: records details of the assessment and some basic information about the site, such as name, size and location etc.  Data sheet 2: provides a generic list of threats which protected areas can face. On this data sheet the assessors are asked to identify threats and rank their impact on the protected area. 2. Assessment Form: the assessment is structured around 30 questions presented in table format which includes three columns for recording details of the assessment, all of which should be completed.
B8: Important: Please read the Guidelines posted on the GEF website before entering your data
B10: Data Sheet 1: Reporting Progress at Protected Area Sites | C10: Please indicate your answer here | D10: Notes
B12: Name, affiliation and contact details for person responsible for completing the METT (email etc.) | C12: Zhang Li, Xinjiang Erqisihekeketuohai Nature Reserve Management Authority, 13809963218
B13: Date assessment carried out | C13: Jun. 28, 2012 | D13: Month DD, YYYY (e.g., May 12, 2010)
B14: Name of protected area | C14: Xinjiang-Erqisihekeketuohai
B15: WDPA site code (these codes can be found on www.unep-wcmc.org/wdpa/) | C15: n/a
B16: Designations(please choose 1-3) | C16: 3 | D16: 1: National 2: IUCN Category 3: International (please complete lines 35-69 as necessary )
B17: Country | C17: People's Republic of China
B18: Location of protected area (province and if possible map reference) | C18: Xinjiang Uygur Autonomous Region
B19: Date of establishment | C19: February, 2005
B20: Ownership details (please choose 1-4) | C20: 1 | D20: 1: State 2: Private 3: Community 4: Other
B21: Management Authority | C21: Xinjiang Erqisihekeketuohai Nature Reserve Management Authority
B22: Size of protected area (ha) | C22: 99043.7
B23: Number of Permanent staff | C23: 5
B24: Number of Temporary staff | C24: 5
B25: Annual budget (US$) for recurrent (operational) funds – excluding staff salary costs | C25: 23000 | D25: Exchange rate: 1USD=6.37RMB
B26: Annual budget (US$) for project or other supplementary funds – excluding staff salary costs | C26: 0 | D26: =150000/6.37 -> 23547.881
B27: What are the main values for which the area is designated | C27: To conserve the wetland ecosystems in the reserve
B28: List the two primary protected area management objectives in below:
B29: Management objective 1 | C29: To conserve the wetland ecosystems
B30: Management objective 2 | C30: To protect associated waterbirds in the wetland ecosystems
B31: No. of people involved in completing assessment | C31: 3
B32: Including: (please choose 1-8) | C32: 2 | D32: 1: PA manager 2: PA staff 3: Other PA agency staff 4: Donors 5: NGOs 6: External experts 7: Local community 8: Other
B34: Information on International Designations | C34: Please indicate your answer here
B36: UNESCO World Heritage site (see: http://whc.unesco.org/en/list) | C36: n/a
B37: Date Listed
B38: Site name
B39: Site area
B40: Geographical co-ordinates
B42: Criteria for designation | D42: (i.e. criteria i to x)
B43: Statement of Outstanding Universal Value
B45: Ramsar site (see: http://ramsar.wetlands.org) | C45: n/a
B46: Date Listed
B47: Site name
B48: Site area
B49: Geographical number
B50: Reason for Designation (see Ramsar Information Sheet)
B52: UNESCO Man and Biosphere Reserves (see: http://www.unesco.org/new/en/natural-sciences/environment/ecological-sciences/man-and-biosphere-programme/ | C52: n/a
B53: Date Listed
B54: Site name
B55: Site area | D55: Total, Core, Buffe, and Transition
B56: Geographical co-ordinates
B57: Criteria for designation
B58: Fulfilment of three functions of MAB | D58: conservation, development and logistic support
B60: Please list other designations (i.e. ASEAN Heritage, Natura 2000) and any supporting information below
C61: WWF Global 200 | D61: Name
C62: Altai-Sayan Montane Forests | D62: Detail
D64: Name
D65: Detail
D67: Name
D68: Detail
B70: Data Sheet 2: Protected Areas Threats (please complete a Data Sheet of threats and assessment for each protected area of the project).
B71: Please choose all relevant existing threats as either of high, medium or low significance. Threats ranked as of high significance are those which are seriously degrading values; medium are those threats having some negative impact and those characterised as low are threats which are present but not seriously impacting values or N/A where the threat is not present or not applicable in the protected area.
B72: 1. Residential and commercial development within a protected area
B73: Threats from human settlements or other non-agricultural land uses with a substantial footprint
B74: 1.1 Housing and settlement | C74: 1 | D74: 0: N/A 1: Low 2: Medium 3: High
B75: 1.2 Commercial and industrial areas | C75: 0 | D75: 0: N/A 1: Low 2: Medium 3: High
B76: 1.3 Tourism and recreation infrastructure | C76: 0 | D76: 0: N/A 1: Low 2: Medium 3: High
B77: 2. Agriculture and aquaculture within a protected area
B78: Threats from farming and grazing as a result of agricultural expansion and intensification, including silviculture, mariculture and aquaculture
B79: 2.1 Annual and perennial non-timber crop cultivation | C79: 0 | D79: 0: N/A 1: Low 2: Medium 3: High
B80: 2.1a Drug cultivation | C80: 0 | D80: 0: N/A 1: Low 2: Medium 3: High
B81: 2.2 Wood and pulp plantations | C81: 0 | D81: 0: N/A 1: Low 2: Medium 3: High
B82: 2.3 Livestock farming and grazing | C82: 1 | D82: 0: N/A 1: Low 2: Medium 3: High
B83: 2.4 Marine and freshwater aquaculture | C83: 0 | D83: 0: N/A 1: Low 2: Medium 3: High
B84: 3. Energy production and mining within a protected area
B85: Threats from production of non-biological resources
B86: 3.1 Oil and gas drilling | C86: 0 | D86: 0: N/A 1: Low 2: Medium 3: High
B87: 3.2 Mining and quarrying | C87: 0 | D87: 0: N/A 1: Low 2: Medium 3: High
B88: 3.3 Energy generation, including from hydropower dams | C88: 0 | D88: 0: N/A 1: Low 2: Medium 3: High
B89: 4. Transportation and service corridors within a protected area
B90: Threats from long narrow transport corridors and the vehicles that use them including associated wildlife mortality
B91: 4.1 Roads and railroads (include road-killed animals) | C91: 0 | D91: 0: N/A 1: Low 2: Medium 3: High
B92: 4.2 Utility and service lines (e.g. electricity cables, telephone lines,) | C92: 0 | D92: 0: N/A 1: Low 2: Medium 3: High
B93: 4.3 Shipping lanes and canals | C93: 0 | D93: 0: N/A 1: Low 2: Medium 3: High
B94: 4.4 Flight paths | C94: 0 | D94: 0: N/A 1: Low 2: Medium 3: High
B95: 5. Biological resource use and harm within a protected area
B96: Threats from consumptive use of "wild" biological resources including both deliberate and unintentional harvesting effects; also persecution or control of specific species (note this includes hunting and killing of animals)
B97: 5.1 Hunting, killing and collecting terrestrial animals (including killing of animals as a result of human/wildlife conflict) | C97: 0 | D97: 0: N/A 1: Low 2: Medium 3: High
B98: 5.2 Gathering terrestrial plants or plant products (non-timber) | C98: 1 | D98: 0: N/A 1: Low 2: Medium 3: High
B99: 5.3 Logging and wood harvesting | C99: 1 | D99: 0: N/A 1: Low 2: Medium 3: High
B100: 5.4 Fishing, killing and harvesting aquatic resources | C100: 1 | D100: 0: N/A 1: Low 2: Medium 3: High
B101: 6. Human intrusions and disturbance within a protected area
B102: Threats from human activities that alter, destroy or disturb habitats and species associated with non-consumptive uses of biological resources
B103: 6.1 Recreational activities and tourism | C103: 0 | D103: 0: N/A 1: Low 2: Medium 3: High
B104: 6.2 War, civil unrest and military exercises | C104: 0 | D104: 0: N/A 1: Low 2: Medium 3: High
B105: 6.3 Research, education and other work-related activities in protected areas | C105: 0 | D105: 0: N/A 1: Low 2: Medium 3: High
B106: 6.4 Activities of protected area managers (e.g. construction or vehicle use, artificial watering points and dams) | C106: 1 | D106: 0: N/A 1: Low 2: Medium 3: High
B107: 6.5 Deliberate vandalism, destructive activities or threats to protected area staff and visitors | C107: 0 | D107: 0: N/A 1: Low 2: Medium 3: High
B108: 7. Natural system modifications
B109: Threats from other actions that convert or degrade habitat or change the way the ecosystem functions
B110: 7.1 Fire and fire suppression (including arson) | C110: 0 | D110: 0: N/A 1: Low 2: Medium 3: High
B111: 7.2 Dams, hydrological modification and water management/use | C111: 0 | D111: 0: N/A 1: Low 2: Medium 3: High
B112: 7.3a Increased fragmentation within protected area | C112: 0 | D112: 0: N/A 1: Low 2: Medium 3: High
B113: 7.3b Isolation from other natural habitat (e.g. deforestation, dams without effective aquatic wildlife passages) | C113: 0 | D113: 0: N/A 1: Low 2: Medium 3: High
B114: 7.3c Other ‘edge effects’ on park values | C114: 0 | D114: 0: N/A 1: Low 2: Medium 3: High
...

Sheet Objective 1. Section III
B1: Tracking Tool for Biodiversity Projects in GEF-3, GEF-4, and GEF-5
B4: Objective 1: Catalyzing Sustainability of Protected Area Systems
B5: SECTION III: Financial Sustainability Scorecard
B7: Note: Please complete the financial sustainability scorecard for each project that is focusing on improving the financial sustainability of a PA system or an individual PA, per outcome 1.2 in the GEF biodiversity strategy. As we did in GEF-4, we will use the scorecard that was developed by Andrew Bovarnick of UNDP as it addresses our needs in a comprehensive fashion. The scorecard has three sections: Part I – Overall financial status of the protected areas system. This includes basic protected area information and a financial analysis of the national protected area system. Part II – Assessing elements of the financing system. Part III – Scoring.
B8: Important: Please read the Guidelines posted on the GEF website before entering your data
B10: Part I: Protected Areas System, sub-systems and networks in Xinjiang Uyghur Autonomous Region (XUAR)
B11: Part I requires financial data to determine the costs, revenues and financing gaps of the PA system both in the current year and as forecast for the future. It provides a quantitative analysis of the PA system and shows the financial data needed by PA planners needed to determine financial targets and hence the quantity of additional funds required to finance effective management of their PA system. As different countries have different accounting systems certain data requirements may vary in their relevance for each country. However, where financial data is absent, the first activity the PA authority should be to generate and collect the data.
B13: Part 1.1 – Basic Information on Protected Area System, Sub-systems and Networks in XUAR. Detail in the Table every sub-system and network within the XUAR.
B14: Protected Areas System, sub-systems and networks in XUAR | C14: Number of sites | D14: Terrestrial hectares covered | E14: Marine hectares covered[1] | F14: Total hectares covered | G14: Institution responsible for PA management
B15: Provincial System of PAs in XUAR
B16: PA Sub-system: Nature Reserves in Xinjiang Uyhur Autonomous Region (XAUR)) | C16: =SUM(C17:C19)+SUM(C21:C23) -> 35 | D16: =SUM(D17:D19)+SUM(D21:D23) -> 22952334 | E16: =SUM(E17:E19)+SUM(E21:E23) -> 0 | F16: =SUM(F17:F19)+SUM(F21:F23) -> 22952334
B17: PA sub-system 1 – national nature reserves | C17: 9 | D17: 13654878 | E17: 0 | F17: =SUM(D17:E17) -> 13654878 | G17: Xinjiang Forestry Department (XFD), and Xinjiang Environment Protection Department (XEPD)
B18: PA sub-system 2 - provincial nature reserves | C18: 21 | D18: 8362316 | E18: 0 | F18: =SUM(D18:E18) -> 8362316 | G18: SFD and Xinjiang Agriculture Department (XAD)
B19: PA sub-system 3 - sub-provincial nature reserves | C19: 5 | D19: 935140 | E19: 0 | F19: =SUM(D19:E19) -> 935140 | G19: XFD
B20: Network
B21: Network 1 - Insert name
B22: Network 2 – Insert name
B23: Additional networks
B24: [1] MPAs should be detailed separately to terrestrial PAs as they tend to be much larger in size and have different cost structures
B26: Part 1.2 – Financial Analysis of the Protected Area System in XUAR
B28: Financial Analysis of the Nature Reserve Sub-System in XUAR | C28: Baseline year 2012 (US$) [1][2] | D28: Year 2012 (US$) [3][4] | E28: Comments Add the source of data and state confidence in data (low, medium, high)
E29: Please note that: the following financial estimation and analysis is confined to the nature reserve network in XUAR given the fact that nature reserve sub-system implicitly dominates and represents the financial status of PA network in XUAR due to its significant weight in the PA system in the region in terms of its coverage/percentage in PA system and significance.
B30: Available Finances[5]
B32: (1) Total annual central government budget allocated to PA management (excluding donor funds and revenues generated for the PA system) | C32: =SUM(C33:C34) -> 7014033 | D32: =SUM(D33:D34) -> 7014033
B33: - operational budget (salaries, maintenance, fuel etc) | C33: 5482905 | D33: 5482905 | E33: Statistic data derived from relevant governmental accounting reports.
B34: - infrastructure investment budget (roads, visitor centres etc) | C34: 1531128 | D34: 1531128 | E34: Statistic data derived from relevant governmental accounting reports.
B35: (2) Extra budgetary funding for PA management | E35: Specify sources of funds
B36: - Total of A + B - | C36: =C37+C45 -> 0 | D36: =D37+D45 -> 0
B37: A. Funds channelled through government - total | C37: 0 | D37: 0
B38: - PA dedicated taxes | C38: n/a | D38: n/a | E38: eg a conservation departure tax or water fees re-invested in PAs
B39: - Trust Funds | C39: n/a | D39: n/a | E39: Only include available funds for the year and not amounts contributed for capitalization
B40: - Donor funds | C40: n/a | D40: n/a
B41: - Loans | C41: n/a | D41: n/a
B42: - Debt for nature swaps | C42: n/a | D42: n/a
B43: - Others
B45: B. Funds channelled through third party/independent institutional arrangements – total | C45: 0 | D45: 0
B46: - Trust Funds | C46: n/a | D46: n/a
B47: - Donor funds | C47: n/a | D47: n/a
B48: - Loans | C48: n/a | D48: n/a
B49: - Others | C49: n/a | D49: n/a
B51: (3) Total annual site based revenue generation across all PAs broken down by source[6] | E51: Indicate total economic value of PAs (if studies available)[7]
B52: - Total | C52: =C53+C54+C56+C58+C64 -> 21541971 | D52: =D53+D54+D56+D58+D64 -> 21541971
B53: A. Tourism entrance fees | C53: 15012312 | D53: 15012312 | E53: Specify the number of visitors to the protected areas in year 2011 (please note that since the survey was conducted in mid-July, there was no statistics for the year 2012 for analysis by then). - international tourists: ca. 33,000 - national tourists: ca. 2,667,000 Overwhelming incomes resulted from two popular PA sites in Xinjiang: Hanasi and Tianchi.
B54: B. Other tourism and recreational related fees (camping, fishing permits etc) | E54: Specify purpose and level of fees:
B56: C. Income from concessions | E56: Specify type of concession
B58: D. Payments for ecosystem services (PES) | C58: =SUM(C59:C62) -> 5800369 | D58: =SUM(D59:D62) -> 5800369 | E58: Provide examples: natural forest protection programme (NFPP) co-funded by central and local government across the whole country in China. There is no exception to Xinjiang.
B59: - water
B60: - carbon
B61: - biodiversity
B62: -Ecosystem services provided by natural forests | C62: 5800369 | D62: 5800369 | E62: Subsidy co-supplemented by the national and provincial government for protecting natural forests under the nationwide programme (2nd phase, 2011-2020). In Xinjiang, to protect one hectare of natural forest will be financially supplemented by ca. US $ 11.8386/year. There are 489,953.33 ha natural forests under the safeguard of nature reserve network in Xinjiang.
B64: E. Other non-tourism related fees and charges (specify each type of revenue generation mechanism) | C64: =SUM(C65:C69) -> 729290 | D64: =SUM(D65:D69) -> 729290
B65: - scientific research fees
B66: - genetic patents
B67: - pollution charges
B68: - sale of souvenirs from state run shops
B69: - others | C69: 729290 | D69: 729290 | E69: Incomes generating from forestry-related investment.
B70: (4) Percentage of PA generated revenues retained in the PA system for re-investment[8] | C70: 1 | D70: 1
E71: Specify whether PA generated revenues are retained directly in the PA system or are sent to government and then returned back to the PA system: As a matter of fact, there is no a standardized percentage of PA generated revenues retained in the PA system for re-investment. For example, for the most popular PA in Xinjiang, Hanasi only retains 13% of their total revenues resulting from tourism for conservation and infrastructure development. The percentage was 12% in 2011. For Tianchi, the second popular PA in Xinjiang for tourist, they can keep all their tourism-related income for their re-investment. For overwhelming less popular PAs, they generally can reserve tourism-generated revenues to supplement their financial gaps. Under such situation, to make the estimation easier, we put 100% as the percentage for the estimation. Please note that: the total revenue from entrance fee in Hanasi is US $ 15,224,460 in the year of 2011. The amount retained in the reserve is US $ 1,826,935. The amount was weaved into the C53 and D53 as their incomes from tourism entrance fee. Therefore, it is sound to put 100% here as the parentage of PA generated revenues retained in the PA system for re-investment.
B72: (5) Total finances available to the PA system [line item 1+2.A+2.B]+ [line item 3 * line item 4] | C72: =C32+C37+C45+(C52*C70) -> 28556004 | D72: =D32+D37+D45+D52*D70 -> 28556004
B73: Available for operations | C73: 27024876 | D73: 27024876 | E73: Please note that some funds resulting from PA generated revenues might be used for infrastructure with a relatively low proportion. Therefore, the corresponding funds are also calculated into the funds for operations as showed here.
B74: Available for infrastructure investment | C74: 1531128 | D74: 1531128 | E74: Statistic data derived from relevant governmental accounting reports.
B76: Costs and Financing Needs
B78: (1) Total annual expenditure for PAs (all PA operating and investment costs and system level expenses)[9] | E78: State any extraordinary levels of capital investment in a given year State degree of disbursement/executed – total annual expenditures as % of available finances (line item 5.)
C79: =SUM(C80:C81) -> 28556004 | D79: =SUM(D80:D81) -> 28556004 | E79: If this % is low, state reasons:
B80: - by government | C80: 28556004 | D80: 28556004
B81: - by independent/other channels
B83: (2) Estimation of PA system financing needs | E83: Where possible breakdown by terrestrial and marine sub-systems
B84: A. Estimated financing needs for basic management costs (operational and investments) to be covered | C84: =SUM(C85:C88) -> 362615177 | D84: =SUM(D85:D88) -> 362615177
B85: - PA provincial system level operational costs (salaries, office maintenance etc) | C85: 77346 | D85: 77346 | E85: To maintain the basic management at the provincial level, the PA management office needs an investment of US $77,346 annually.
B86: - PA site management operational costs | C86: 217312699 | D86: 217312699 | E86: For PA site management, given the socio-economic context in XUAR and suppose to protect one hectare PA to meet their basic management demands minimally needs to invest US $15.78/year by referring the current investment scale in the region, thus, a total of 22,952,334 ha nature reserves in Xinjiang needs US $15.78/year.ha*22,952,334 ha=US $362,187,831/year to maintain their basic management demands. Among the total budget needs, 40% could be used to over operational costs and 60% for infrastructure investment costs (The proportion is cited from a report (2008) drafted by TNC for financial analysis for the whole PAs in China). Thus, the operational costs could be estimated as: US $362,187,831*60*=US $217,312,699.
B87: - PA site infrastructure investment costs | C87: 144875132 | D87: 144875132 | E87: As mentioned above, the infrastructure costs would reach US $362,187,799*40%=US $ 144,875,132.
B88: - PA system capacity building costs for central and site levels (training, strategy, policy reform etc) | C88: 350000 | D88: 350000 | E88: Suppose each nature reserve needs US $ 10,000 for their training per year. Thus, the total cost for all nature reserve network would be: US $10,000*35=US $350,000/year. Please note that the cost for provincial system level capacity building has been evenly distributed each nature reserve as indicated above.
B90: B. Estimated financing needs for optimal management costs (operational and investments) to be covered | C90: =SUM(C93:C96) -> 918948052 | D90: =SUM(D93:D96) -> 918948052
B93: - PA provincial system level operational costs (salaries, office maintenance etc) | C93: 154692 | D93: 154692 | E93: Suppose the provincial system need double their funds for maintaining their basic management to fulfill an optimal management, the operational costs would amount to: US $77,346*2=US $154,692
B94: - PA site management operational costs | C94: 550856016 | D94: 550856016 | E94: For PA site management, suppose to conserve one hectare PA should invest US $40/year to meet their optimal management needs. Thus, the total investment should reach: US $40/ha.year*22,952,334ha=US $918,093,360/year. Among them, 60% investment used for operation at site level would add up to: US $918,093,360*60%=US $550,856,016. 40% investment for infrastructure would be equal to: US $918,093,360*40%=US $367,237,344.
B95: - PA site infrastructure investment costs | C95: 367237344 | D95: 367237344 | E95: See remarks above.
B96: - PA system capacity building costs for central and site levels (training, strategy, policy reform etc) | C96: 700000 | D96: 700000 | E96: If the investment for capacity building should be doubled to meet the financial needs to meet optimal management. Then, the total costs would to the tune of: US $20,000*35=US $700,000.
B97: C. Estimated financial needs to expand the PA systems to be fully ecologically representative | E97: According to available PA development plan, by 2020, XUAR would include additional 5,000,000 ha lands to the current PA system.
B99: - basic management costs for new PAs | C99: 78900000 | D99: 78900000 | E99: By referring the cost criteria mentioned above, additional funds required to ensure the basic management of newly established PA would be: US $15.78*5,000,000=US $78,900,000.
B100: - optimal management costs for new PAs
B102: Annual financing gap (financial needs – available finances)[10] | E102: Where possible breakdown by terrestrial and marine sub-systems
B103: 1. Net actual annual surplus/deficit[11] | C103: 0 | D103: 0
B105: 2. Annual financing gap for basic management scenarios | C105: =C84-C72 -> 334059173 | D105: =D84-D72 -> 334059173 | E105: The annual financing gap for basic management scenario is calculated by subtracting the estimated financing needs (Basic in Cell C84; Optimal in Cell C90) from the total finance available (C72).
B106: Operations | C106: 190715169 | D106: 190715169
B107: Infrastructure investment | C107: =C87-C74 -> 143344004 | D107: =D87-D74 -> 143344004
B109: 3. Annual financing gap for optimal management scenarios | C109: =C90-C72 -> 890392048 | D109: =D90-D72 -> 890392048 | E109: See the comment above.
B110: Operations | C110: 524685832 | D110: 524685832
B111: Infrastructure investment | C111: =C95-C74 -> 365706216 | D111: =D95-D74 -> 365706216
B113: 4. Annual financing gap for basic management of an expanded PA system (current network costs plus annual costs of adding more PAs) | C113: US $334,059,173 with a year-on-year increase in financial gap of US $16,887,742.67. | D113: US $334,059,173 with a year-on-year increase in financial gap of US $16,887,742.67. | E113: As indicated in the project document, Xinxiang plans to extend NR coverage to a total of 26% of the provincial lands area by 2030, in line with the NBCSAP. Therefore, the total NR coverage will be 166,489,700ha*26%=43,287,322ha. Suppose nature reserves will be increased in a consecutive rate, each year, a total of 1,070,262.526 ha (43,287,322ha-22,952,334ha)/19year would be added to the existing nature reserve network from 2012. Each year, increased financial gaps resulting from PA expansion would be equal to: 1,070,262.526ha*US $15.78/year.ha=US $16,888,742.67/year. Annual financing gap for basic management of an expanded PA system would go up by US $16,888,742.67 year on year with a current financial gap of US $334,059,173. Specifically, in 2013, the estimated financial gap would be US $350,946,916, and in 2014 would be US $ 350,946,916+US $16,888,742.67 and so on.
B116: 5. Projected annual financing gap for basic expenditure scenario in year 2012+5[12],[13] | C116: 418497886 | D116: 418497886 | E116: As mentioned above, in 2017, the financing gap would be: US $334,059,173+US $16,888,742.67*5=US $418,497,886
B119: Financial data collection needs
B121: Specify main data gaps identified from this analysis: | E121: Although (eco)tourism has become a popular revenue generation mechanism for PAs in XUAR, there is little research focusing on this issue to really uncover the role of such kind of mechanism in PA financing. In addition, there has no comprehensive data available to facilitate such analysis too. Furthermore, given there is no a standardized accounting system to support PA management in XUAR, PA management authority cannot provide in-detail information to illustrate their costs swiftly.
B123: Specify actions to be taken to fill data gaps[14]: | E123: The project executing agencies would propose relevant PA management authorities to provide relevant information they needed to complete the estimation by hammering out an information inventory to guide relevant PA management authorities to gather the information as much as possible.
B125: [1] The baseline year refers to the year the Scorecard was completed for the first time and remains fixed. Insert year eg 2007.
B126: [2] Insert in footnote the local currency and exchange rate to US$ and date of rate (eg US$1=6.3352 RMB, Dec. 16, 2011)
B127: [3] X refers to the year the Scorecard is completed and should be inserted (eg 2008). For the first time the Scorecard is completed X will be the same as the baseline year. For subsequent years insert an additional column to present the data for each year the Scorecard is completed.
B128: [4] Insert in footnote the local currency and exchange rate to US$ and date of rate. I US $=6.3352 RMB, Dec. 16, 2012
B129: [5] This section unravels sources of funds available to PAs, categorized by (i) government core budget (line item 1), (ii) additional government funds (line item 2), and (iii) PA generated revenues (line item 3).
B130: [6] This data should be the total for all the PA systems to indicate total revenues. If data is only available for a specific PA system specify which system
B131: [7] Note this will include non monetary values and hence will differ (be greater) than revenues
...
